 Dungeon Crawl Stone Soup version 0.30-a0-476-g330ca2eb8e (webtiles) character file.

Game seed: 5343815672072807620

4473 xzight the Fighter (level 10, 0/65 HPs)
             Began as a Gargoyle Fighter on Dec 21, 2022.
             Was a Believer of Okawaru.
             Slain by a two-headed ogre
             ... wielding a +0 giant club
              (18 damage)
             ... on level 8 of the Dungeon.
             The game lasted 00:22:39 (7842 turns).

xzight the Fighter (Gargoyle Fighter)               Turns: 7842, Time: 00:22:39

Health: 0/65       AC: 21    Str: 23    XL:     10   Next: 38%
Magic:  10/10      EV: 14    Int:  8    God:    Okawaru [**....]
Gold:   259        SH:  6    Dex: 11    Spells: 9/9 levels left

rFire   . . .      SeeInvis .    y - +1 war axe
rCold   . . .      Faith    .    c - +0 buckler
rNeg    + . .      Spirit   .    g - +1 plate armour
rPois   ∞          Reflect  .    (no helmet)
rElec   +          Harm     .    (no cloak)
rCorr   .          Rampage  .    (no gloves)
Will    .....                    (no boots)
Stlth   ..........               (no amulet)
HPRegen 0.30/turn                E - +4 ring of evasion
MPRegen 0.12/turn                e - +4 ring of evasion

@: no status effects
A: sickness immunity, AC +7, negative energy resistance 1, electricity
resistance, torment resistance 1, petrification resistance
a: Renounce Religion, Heroism


You were on level 8 of the Dungeon.
You worshipped Okawaru.
Okawaru was pleased with you.
You visited 2 branches of the dungeon, and saw 9 of its levels.
You also visited: Sewer.

You collected 259 gold pieces.

Inventory:

Hand Weapons
 y - a +1 war axe (weapon)
Armour
 c - a +0 buckler (worn)
 g - a +1 plate armour (worn)
Magical Staves
 i - a staff of cold {!a}
Jewellery
 e - a +4 ring of evasion (right hand)
 v - an amulet of magic regeneration
 E - a +4 ring of evasion (left hand)
Wands
 t - a wand of flame (1)
 w - a wand of polymorph (2)
Scrolls
 a - a scroll of magic mapping
 b - 2 scrolls of enchant armour
 l - 3 scrolls of teleportation {@r2}
 m - 5 scrolls of fog
 n - a scroll of fear
 x - a scroll of blinking
Potions
 f - a potion of might
 h - a potion of degeneration {unknown}
 j - 2 potions of ambrosia
 k - 2 potions of lignification
 o - a potion of cancellation {unknown}
 p - a potion of brilliance {unknown}
 q - 5 potions of flight
 r - a potion of attraction {unknown}
 s - a potion of magic {unknown}
 u - 2 potions of curing {@q1}
 z - a potion of haste {unknown}
 C - 2 potions of mutation {unknown}


   Skills:
 + Level 8.4 Fighting
 + Level 6.6 Axes
 + Level 8.3 Armour
 + Level 8.3 Shields
 + Level 0.0 Invocations
 - Level 4.4 Evocations


You had 9 spell levels left.
You didn't know any spells.
Your spell library contained the following spells:

 Spells                   Type           Power      Damage    Failure   Level
 Freeze                   Ice            0%         1d3       100%        1
 Frozen Ramparts          Ice            0%         1d1       100%        3
 Hailstorm                Conj/Ice       0%         3d3       100%        3
 Portal Projectile        Hex/Tloc       0%         N/A       100%        3
 Blade Hands              Tmut           0%         N/A       100%        5
 Iron Shot                Conj/Erth      0%         9d1       100%        6
 Tukima's Dance           Hex            Unusable   N/A       N/A         3
 Animate Armour           Summ/Erth      Unusable   N/A       N/A         4

Dungeon Overview and Level Annotations

Branches:
Dungeon (8/15)             Temple (1/1) D:4           Sewer (visited)
   Lair: D:8-11

Altars:
Dithmenos
Fedhas
Gozag
Kikubaaqudgha
Makhleb
Okawaru
Ru
Trog
Uskayaw
Vehumet
Wu Jian
Xom
Yredelemnul
Zin
The Shining One


Innate Abilities, Weirdness & Mutations

You are immune to sickness and miasma.
Your stone body is resilient. (AC +7)
You are immune to poison.
You resist negative energy. (rN+)
You are resistant to electric shocks. (rElec)
You are resistant to unholy torment.
You are immune to petrification.


Message History

The two-headed ogre attacks as you move away!
You block the two-headed ogre's attack. The two-headed ogre misses you.
Okay, then.
Okay, then.
There is an open door here.
There is a large open door here.
There is a large open door here.
Found 12 gold pieces.
You see here 12 gold pieces.
You now have 259 gold pieces (gained 12).
You hit the two-headed ogre.
The two-headed ogre is lightly wounded.
You block the two-headed ogre's attack.
The two-headed ogre hits you with a +0 giant spiked club!
You hit the two-headed ogre.
The two-headed ogre is moderately wounded.
The two-headed ogre misses you. x2
You slash the two-headed ogre!
The two-headed ogre is heavily wounded.
You block the two-headed ogre's attack.
The two-headed ogre hits you with a +0 giant spiked club!
You hit the two-headed ogre.
The two-headed ogre is heavily wounded.
The two-headed ogre completely misses you.
The two-headed ogre hits you with a +0 giant spiked club!
You slash the two-headed ogre!
The two-headed ogre is almost dead.
You hit the two-headed ogre but do no damage.
The two-headed ogre is almost dead.
The two-headed ogre barely misses you. x2
You hit the two-headed ogre.
The two-headed ogre is almost dead.
The two-headed ogre hits you with a +0 giant club!
* * * LOW HITPOINT WARNING * * *
You block the two-headed ogre's attack.
You hit the two-headed ogre but do no damage.
The two-headed ogre is almost dead.
You block the two-headed ogre's attack.
The two-headed ogre hits you with a +0 giant spiked club!!
You die...

#.#
#.#
#.#
#.#
#.#
#.#
#F#
#O#
#@#
#.#
#.#
#..
###


You could see a two-headed ogre and a bullfrog.

Vanquished Creatures
  2 death yaks (D:8)
  A hornet (D:8)
  A steam dragon (D:6)
  7 water moccasins
  A hornet zombie (D:7)
  A black bear (D:7)
  An orc warrior (D:6)
  2 ice beasts (D:6)
  2 ogres (D:4)
  A tengu (D:5)
  3 centaurs
  2 kobold brigands (Sewer)
  Blork the orc (D:6)
  2 bullfrogs
  2 scorpions
  4 wights (D:7)
  A howler monkey (D:5)
  2 bullfrog zombies (D:7)
  5 jellies
  3 orc priests
  2 iguanas
  2 orc wizards
  A killer bee zombie (D:7)
  A howler monkey zombie (D:7)
  6 adders
  A river rat (Sewer)
  A white imp (D:7)
  3 worms
  A dart slug (D:4)
  20 orcs
  6 bats
  12 endoplasms
  A giant cockroach (D:4)
  6 goblins
  2 hobgoblins (D:2)
  3 quokkas
  9 ball pythons
  3 frilled lizards
  12 kobolds
  8 rats
144 creatures vanquished.

Vanquished Creatures (others)
  An iguana (D:6)
1 creature vanquished.

Grand Total: 145 creatures vanquished

Notes
Turn   | Place    | Note
-------+----------+-------------------------------------------
     0 | D:1      | xzight the Gargoyle Fighter began the quest for the Orb.
     0 | D:1      | Reached XP level 1. HP: 14/14 MP: 1/1
   178 | D:1      | Reached XP level 2. HP: 19/19 MP: 2/2
   989 | D:1      | Found a shadowy altar of Dithmenos.
  1044 | D:2      | Reached XP level 3. HP: 23/23 MP: 3/3
  1459 | D:3      | Reached XP level 4. HP: 24/29 MP: 4/4
  1697 | D:3      | Found a faded altar of an unknown god.
  1895 | D:3      | Found a glowing drain.
  1931 | Sewer    | Entered a sewer
  1934 | Sewer    | Reached XP level 5. HP: 33/33 MP: 5/5
  1989 | Sewer    | Noticed a kobold brigand
  2033 | Sewer    | Noticed a kobold brigand
  2089 | Sewer    | Killed a kobold brigand
  2139 | Sewer    | Killed a kobold brigand
  2140 | Sewer    | Reached XP level 6. HP: 36/39 MP: 6/6
  2162 | Sewer    | Found a white marble altar of Elyvilon.
  2786 | D:4      | Reached skill level 5 in Fighting
  2786 | D:4      | Reached skill level 1 in Evocations
  2786 | D:4      | Reached XP level 7. HP: 44/44 MP: 7/7
  2886 | D:4      | Reached skill level 5 in Shields
  2914 | D:4      | Reached skill level 5 in Armour
  3065 | D:4      | Found a staircase to the Ecumenical Temple.
  3580 | D:4      | Identified the +0 ring mail "Daseapei" {Harm rC+++ Regen+
                  | Stlth-}
  3607 | D:4      | You fall into a shaft and drop 3 floors!
  3706 | D:7      | Reached XP level 8. HP: 23/51 MP: 8/8
  4297 | D:5      | Entered Level 5 of the Dungeon
  5045 | D:5      | Reached skill level 5 in Axes
  5045 | D:5      | Reached XP level 9. HP: 49/56 MP: 9/9
  5252 | Temple   | Entered the Ecumenical Temple
  5545 | Temple   | Became a worshipper of Warmaster Okawaru
  6095 | D:6      | Noticed Blork the orc
  6249 | D:6      | Killed Blork the orc
  7065 | D:7      | Reached * piety under Okawaru
  7581 | D:8      | Noticed a death yak
  7588 | D:8      | Noticed a death yak
  7589 | D:8      | Killed a death yak
  7589 | D:8      | Reached ** piety under Okawaru
  7590 | D:8      | Reached XP level 10. HP: 64/64 MP: 10/10
  7595 | D:8      | Noticed a death yak
  7609 | D:8      | Killed a death yak
  7803 | D:8      | Noticed a two-headed ogre
  7842 | D:8      | Slain by a two-headed ogre

Illustrated notes

Levels and vault maps discovered:
D:1:      dpeg_arrival_water_altar, layout_basic, glass_columns_a
D:2:      layout_rooms
D:3:      layout_loops_cross, cheibrodos_sewer_entry_bend,
          dreamdust_ecumenical_altar_angels_and_demons, minmay_misc_feat_cross
D:4:      minmay_general_purpose_star, layout_loops_ring,
          minmay_temple_entry_from_below_a, serial_rivers,
          chequers_serial_rivers_small_b, chequers_serial_rivers_room_b,
          chequers_serial_rivers_large_a, chequers_serial_rivers_micro_b,
          chequers_serial_rivers_micro_b, chequers_serial_rivers_micro_e,
          minivault_5, item_on_display_a
D:5:      layout_cave_pods
D:6:      layout_layer_cave, uniq_blork_the_orc
D:7:      layout_loops_corners, serial_undead, serial_undead_c, serial_undead_f,
          serial_undead_e, serial_undead_e, serial_undead_c, serial_undead_f
D:8:      layout_basic, mainiacjoe_overflow_surrounded_room, dpeg_lair_monsters
Temple:   mainiacjoe_temple_trianglar_array

Skill      XL: |  1  2  3  4  5  6  7  8  9 |
---------------+----------------------------+-----
Axes           | 2 3 4 5 6 |  6.6
Fighting       | 4 5 6 8 |  8.4
Armour         | 4 5 6 8 |  8.3
Shields        | 4 5 6 8 |  8.3
Evocations     | 1 2 3 4 |  4.4

Action                   |  1- 3 |  4- 6 |  7- 9 | 10-12 || total
-------------------------+-------+-------+-------+-------++-------
Melee: War axe           |   144 |   110 |   387 |    33 ||   674
Evoke: Wand              |       |       |     8 |     5 ||    13
  Use: Scroll            |     4 |       |     9 |     1 ||    14
       Potion            |       |     1 |     3 |     3 ||     7
Armor: Scale mail        |     7 |       |       |       ||     7
       Plate armour      |    78 |    44 |   202 |    12 ||   336
Dodge: Dodged            |    95 |    92 |   319 |    23 ||   529
Block: Buckler           |    24 |    34 |   110 |    10 ||   178

Table legend: (Time is in decaauts)
 A = Elapsed time spent in this place.
 B = Non-inter-level travel time spent in this place.
 C = Inter-level travel time spent in this place.
 D = Time resting spent in this place.
 E = Time spent auto-exploring this place.
 F = Levels seen in this place.
 G = Mean time per level.
                   A        B        C        D        E       F      G
               +--------+--------+--------+--------+--------+-----+--------+
         Total |   8169 |   7888 |    281 |   1208 |   4626 |  10 |  816.9 |
       Dungeon |   7493 |   7233 |    260 |   1208 |   4226 |   8 |  936.6 |
        Temple |    314 |    293 |     21 |      0 |    287 |   1 |  314.0 |
         Sewer |    360 |    360 |      0 |      0 |    113 |   1 |  360.0 |
               +--------+--------+--------+--------+--------+-----+--------+

Top non-repeatable levels by time:
     D:4: 1677 daAuts
     D:7: 1197 daAuts
     D:1: 1058 daAuts
     D:5: 966 daAuts
     D:6: 917 daAuts
     D:3: 808 daAuts
     D:2: 446 daAuts
     D:8: 422 daAuts
   Sewer: 360 daAuts
  Temple: 314 daAuts
